 Dungeon Crawl Stone Soup version 0.22-a0-897-g1b7a381375 (webtiles) character file.

162 Htamos the Slasher (level 5, -2/47 HPs)
             Began as a Gnoll Berserker on July 31, 2018.
             Was a Believer of Trog.
             Slain by Grinder (8 damage)
             ... on level 3 of the Dungeon.
             The game lasted 00:03:23 (1954 turns).

Htamos the Slasher (Gnoll Berserker)                Turns: 1954, Time: 00:03:24

Health: -2/47      AC:  9    Str: 21 (23) XL:     5   Next: 43%
Magic:  7/7        EV: 18    Int:  9 (12) God:    Trog [**....]
Gold:   116        SH:  0    Dex: 19 (22) Spells: 6/6 levels left

rFire    . . .     SeeInvis .   a - +0 falchion
rCold    . . .     Gourm    .   (no shield)
rNeg     . . .     Faith    .   f - +0 scale mail
rPois    .         Spirit   .   o - +0 helmet
rElec    .         Reflect  .   (no cloak)
rCorr    .         Harm     .   (no gloves)
MR       .....     Clarity  +   t - +0 pair of boots
Stlth    ++........             (no amulet)
HPRegen  0.15/turn              j - +4 ring of strength
MPRegen  0.10/turn              (no ring)

@: agile
A: distributed training, fangs 1, hooves 1, agile 1, clarity, clever 1, strong
nose
a: Berserk, Trog's Hand, Renounce Religion


You were on level 3 of the Dungeon.
You worshipped Trog.
Trog was pleased with you.
You were hungry.

You visited 1 branch of the dungeon, and saw 3 of its levels.

You collected 116 gold pieces.

Inventory:

Hand Weapons
 a - a +0 falchion (weapon)
Armour
 f - a +0 scale mail (worn)
 o - a +0 helmet (worn)
 t - a +0 pair of boots (worn)
Jewellery
 h - an uncursed ring of resist corrosion {unknown}
 j - a +4 ring of strength (left hand)
 s - a +3 ring of dexterity {unknown}
Scrolls
 e - a scroll of noise {unknown}
 g - 3 scrolls of teleportation
 i - a scroll of fog {unknown}
 l - a scroll of fear
 r - a scroll of magic mapping {unknown}
Potions
 d - a potion of brilliance
 n - a potion of degeneration
 p - a potion of flight {unknown}
Comestibles
 b - 10 chunks of flesh
 c - 7 rations


   Skills:
 + Level 6.7 Fighting
 + Level 1.4 Short Blades
 + Level 6.7 Long Blades
 + Level 1.4 Axes
 + Level 1.4 Maces & Flails
 + Level 1.4 Polearms
 + Level 1.4 Staves
 + Level 1.4 Slings
 + Level 1.4 Bows
 + Level 1.4 Crossbows
 + Level 1.4 Throwing
 + Level 4.8 Armour
 + Level 4.8 Dodging
 + Level 1.4 Stealth
 + Level 1.4 Shields
 + Level 1.4 Unarmed Combat
 + Level 1.4 Spellcasting
 + Level 1.1 Conjurations
 + Level 1.1 Hexes
 + Level 1.1 Charms
 + Level 1.1 Summonings
 + Level 1.1 Necromancy
 + Level 1.1 Translocations
 + Level 1.1 Transmutations
 + Level 1.1 Fire Magic
 + Level 1.1 Ice Magic
 + Level 1.1 Air Magic
 + Level 1.1 Earth Magic
 + Level 1.1 Poison Magic
 + Level 1.6 Invocations
 + Level 1.4 Evocations


You had 6 spell levels left.
You didn't know any spells.
Your spell library was empty.

Dungeon Overview and Level Annotations

Branches:
Dungeon (3/15)

Altars:
Dithmenos

Annotations:
D:3 Grinder


Innate Abilities, Weirdness & Mutations

Your experience applies equally to all skills.
You have very sharp teeth.
Your uncanny sense of smell can sniff out nearby items.
You have large cloven feet.
You are agile. (Dex +2)
You possess an exceptional clarity of mind.
Your mind is acute. (Int +2)


Message History

Grinder barely misses you.
You hit the goblin.
You kill the goblin!
Trog accepts your kill. Grinder hits you!
* * * LOW HITPOINT WARNING * * *
You writhe in agony.
* * * LOW HITPOINT WARNING * * *
It was a potion of degeneration.
There was something very wrong with that liquid.
You feel weakened.
You feel dopey.
You feel clumsy. Grinder completely misses you.
You riposte.
You are feeling hungry.
You barely miss Grinder.
Grinder is heavily wounded.
It was a potion of mutation.
You feel extremely strange.
Your thoughts seem clearer.
Your feet thicken and deform.
You feel clever.
You feel agile. Grinder hits you!
You die...

........ #.....#.#
#.....#..### ..
#.....+..... #..
#.....##..#### #...
#.............
#...###.....###..# #
#...............###....
##..........#%..@5......
........#####.###†##....
.....##.# #.# .# .
.....#..# #.# .. .....#..#
#.# ..# ........#####.#
#.# .....#........# #....
.....#.####).....#..#.####
.... #...# ..... .......#


You could see Grinder.

Vanquished Creatures
  A wight (D:3)
  An orc priest (D:2)
  A gnoll (D:1)
  3 adders (D:2)
  A worm (D:3)
  A dart slug (D:1)
  2 leopard geckos
  2 orcs (D:3)
  A ball python (D:1)
  6 bats
  A giant cockroach (D:3)
  10 hobgoblins
  A quokka (D:2)
  3 frilled lizards
  6 goblins
  7 kobolds
  4 rats
51 creatures vanquished.

Notes
Turn   | Place    | Note
-------+----------+-------------------------------------------
     0 | D:1      | Htamos the Gnoll Berserker began the quest for the Orb.
     0 | D:1      | Reached XP level 1. HP: 23/23 MP: 1/1
    29 | D:1      | Reached XP level 2. HP: 14/29 MP: 2/2
   464 | D:1      | Reached XP level 3. HP: 25/35 MP: 3/3
   980 | D:2      | Reached ** piety under Trog
  1132 | D:2      | Reached skill level 1 in Invocations
  1185 | D:2      | Reached skill level 1 in Short Blades
  1185 | D:2      | Reached skill level 1 in Axes
  1185 | D:2      | Reached skill level 1 in Maces & Flails
  1185 | D:2      | Reached skill level 1 in Polearms
  1185 | D:2      | Reached skill level 1 in Staves
  1185 | D:2      | Reached skill level 1 in Slings
  1185 | D:2      | Reached skill level 1 in Bows
  1185 | D:2      | Reached skill level 1 in Crossbows
  1185 | D:2      | Reached skill level 1 in Throwing
  1185 | D:2      | Reached skill level 1 in Stealth
  1185 | D:2      | Reached skill level 1 in Shields
  1185 | D:2      | Reached skill level 1 in Unarmed Combat
  1185 | D:2      | Reached skill level 1 in Spellcasting
  1185 | D:2      | Reached skill level 1 in Evocations
  1301 | D:2      | Reached XP level 4. HP: 36/41 MP: 5/5
  1552 | D:2      | Found a shadowy altar of Dithmenos.
  1743 | D:2      | Reached skill level 1 in Conjurations
  1743 | D:2      | Reached skill level 1 in Hexes
  1743 | D:2      | Reached skill level 1 in Charms
  1743 | D:2      | Reached skill level 1 in Summonings
  1743 | D:2      | Reached skill level 1 in Necromancy
  1743 | D:2      | Reached skill level 1 in Translocations
  1743 | D:2      | Reached skill level 1 in Transmutations
  1743 | D:2      | Reached skill level 1 in Fire Magic
  1743 | D:2      | Reached skill level 1 in Ice Magic
  1743 | D:2      | Reached skill level 1 in Air Magic
  1743 | D:2      | Reached skill level 1 in Earth Magic
  1743 | D:2      | Reached skill level 1 in Poison Magic
  1873 | D:3      | Reached XP level 5. HP: 47/47 MP: 5/7
  1941 | D:3      | Noticed Grinder
  1954 | D:3      | Gained mutation: You possess an exceptional clarity of mind. [potion of mutation]
  1954 | D:3      | Gained mutation: You have large cloven feet. [potion of mutation]
  1954 | D:3      | Gained mutation: Your mind is acute. (Int +2) [potion of mutation]
  1954 | D:3      | Gained mutation: You are agile. (Dex +2) [potion of mutation]
  1954 | D:3      | Slain by Grinder

Vault maps used:
D:1:      minmay_arrival_floating_metal
D:2:      nicolae_dithmenos_through_a_glass_darkly, first_ration
D:3:      fountainhead, minmay_joined_circles, uniq_grinder

Skill      XL: |  1  2  3  4 |
---------------+-------------+-----
Invocations    | 1 |  1.6
Short Blades   | 1 |  1.4
Axes           | 1 |  1.4
Maces & Flails | 1 |  1.4
Polearms       | 1 |  1.4
Staves         | 1 |  1.4
Slings         | 1 |  1.4
Bows           | 1 |  1.4
Crossbows      | 1 |  1.4
Throwing       | 1 |  1.4
Stealth        | 1 |  1.4
Shields        | 1 |  1.4
Unarmed Combat | 1 |  1.4
Spellcasting   | 1 |  1.4
Evocations     | 1 |  1.4
Conjurations   | 1 |  1.1
Hexes          | 1 |  1.1
Charms         | 1 |  1.1
Summonings     | 1 |  1.1
Necromancy     | 1 |  1.1
Translocations | 1 |  1.1
Transmutations | 1 |  1.1
Fire Magic     | 1 |  1.1
Ice Magic      | 1 |  1.1
Air Magic      | 1 |  1.1
Earth Magic    | 1 |  1.1
Poison Magic   | 1 |  1.1
Fighting       | |  6.7
Long Blades    | |  6.7
Armour         | |  4.8
Dodging        | |  4.8

Action                   |  1- 3 |  4- 6 || total
-------------------------+-------+-------++-------
Melee: Falchion          |    81 |    54 ||   135
       Bite              |     8 |     7 ||    15
Invok: Berserk           |     1 |       ||     1
  Use: Scroll            |     4 |     3 ||     7
       Potion            |       |     3 ||     3
  Eat: Chunk             |     2 |     2 ||     4
Armor: Animal skin       |     3 |       ||     3
       Scale mail        |     9 |    18 ||    27
Dodge: Dodged            |    69 |    32 ||   101
       Rpst.: Falchion   |    20 |     9 ||    29

Table legend:
 A = Spawn XP
 B = Non-spawn XP
 C = Spawn XP percentage of total XP
 D = Spawn monster count
 E = Non-spawn monster count
 F = Spawn count percentage of total count
 G = Total turns spent on level
                    A         B        C        D         E        F      G
               +---------+---------+-------+---------+---------+-------+---------
         Total |       0 |     232 |   0.0 |       0 |      51 |   0.0 |  1954
               +---------+---------+-------+---------+---------+-------+---------
           D:1 |       0 |      52 |   0.0 |       0 |      23 |   0.0 |  1024
           D:2 |       0 |     103 |   0.0 |       0 |      19 |   0.0 |   801
           D:3 |       0 |      77 |   0.0 |       0 |       9 |   0.0 |   129
               +---------+---------+-------+---------+---------+-------+---------
